 Dungeon Crawl Stone Soup version 0.21-a0-2-ge494091 (webtiles) character file.

10359 Naow the Arsonist (level 11, -10/61 HPs)
             Began as an Octopode Fire Elementalist on May 22, 2017.
             Was an Elder of Vehumet.
             Killed from afar by a hellion (30 damage)
             ... with damnation
             ... on level 2 of the Abyss.
             The game lasted 00:29:33 (15678 turns).

Naow the Arsonist (Octopode Fire Elementalist)     Turns: 15678, Time: 00:29:33

Health: -10/61     AC:  1    Str:  7    XL:     11   Next: 60%
Magic:  20/24      EV: 13    Int: 22    God:    Vehumet [****..]
Gold:   652        SH:  8    Dex: 12    Spells: 4/29 levels left

rFire    . . .     SeeInvis .   e - +3 dagger (venom)
rCold    + . .     Gourm    .   f - +1 buckler
rNeg     + . .     Faith    .   (helmet restricted)
rPois    +         Spirit   .   H - +2 amulet of reflection
rElec    .         Reflect  +   l - ring of protection from cold
rCorr    +         Harm     .   q - ring of resist corrosion
MR       .....                  G - ring of positive energy
Stlth    +++.......             O - ring of poison resistance
Regen    0.2/turn               (no ring)
MPRegen  0.2/turn               (no ring)
                                (no ring)
                                (no ring)

@: no status effects
A: almost no armour, stealthy swim, amphibious, 8 rings, constrict 8, camouflage
1, gelatinous body 1
a: Renounce Religion


You were on level 2 of the Abyss.
You worshipped Vehumet.
Vehumet was greatly pleased with you.
You were not hungry.

You visited 2 branches of the dungeon, and saw 12 of its levels.
You visited the Abyss 1 time.

You collected 652 gold pieces.

Inventory:

Hand Weapons
 e - a +3 dagger of venom (weapon)
 D - a +0 blowgun
Missiles
 I - 26 poisoned needles
 M - 4 curare-tipped needles
Armour
 f - a +1 buckler (worn)
Jewellery
 l - a ring of protection from cold (left tentacle)
 q - a ring of resist corrosion (right tentacle)
 G - a ring of positive energy (on tentacle)
 H - a +2 amulet of reflection (around mantle)
 O - a ring of poison resistance (on tentacle)
 P - an uncursed amulet of rage {unknown}
Wands
 n - a wand of flame (26/48)
 u - a wand of acid (15/15)
 w - a wand of acid (5/15)
 E - a wand of confusion (22/48)
Scrolls
 d - 2 scrolls of teleportation
 g - 5 scrolls of remove curse
 j - 3 scrolls of fog
 m - a scroll of recharging
 s - 3 scrolls of identify
 v - 2 scrolls of enchant armour
 C - 2 scrolls of blinking
 L - a scroll of summoning
Potions
 c - a potion of cancellation
 h - 2 potions of heal wounds
 k - 2 potions of ambrosia {unknown}
 o - 3 potions of curing
 p - a potion of degeneration
 r - a potion of might
 z - a potion of magic
 B - 2 potions of lignification
 F - a potion of flight {unknown}
 J - 2 potions of brilliance {unknown}
Books
 a - a book of Flames

   Spells                             Type                      Level
   a - Flame Tongue                   Conjuration/Fire             1
   b - Throw Flame                    Conjuration/Fire             2
   c - Conjure Flame                  Conjuration/Fire             3
   d - Inner Flame                    Hexes/Fire                   3
   e - Sticky Flame                   Conjuration/Fire             4
   f - Fireball                       Conjuration/Fire             5
 x - a book of Changes

   Spells                             Type                      Level
   a - Beastly Appendage              Transmutation                1
   b - Sticks to Snakes               Transmutation                2
   c - Spider Form                    Transmutation/Poison         3
   d - Ice Form                       Ice/Transmutation            4
   e - Blade Hands                    Transmutation                5
 y - a book of Minor Magic

   Spells                             Type                      Level
   a - Magic Dart                     Conjuration                  1
   b - Blink                          Translocation                2
   c - Call Imp                       Summoning                    2
   d - Slow                           Hexes                        2
   e - Conjure Flame                  Conjuration/Fire             3
   f - Mephitic Cloud                 Conjuration/Poison/Air       3
 K - a book of Cantrips

   Spells                             Type                      Level
   a - Confusing Touch                Hexes                        1
   b - Animate Skeleton               Necromancy                   1
   c - Summon Small Mammal            Summoning                    1
   d - Apportation                    Translocation                1
Comestibles
 b - 10 bread rations
 i - 5 fruits
 t - 2 meat rations
 A - 5 royal jellies


   Skills:
 - Level 2.0 Dodging
 - Level 2.6 Stealth
 - Level 4.6 Shields
 + Level 9.5 Spellcasting
 + Level 10.0 Conjurations
 + Level 10.5 Fire Magic


You had 4 spell levels left.
You knew the following spells:

 Your Spells              Type           Power        Failure   Level  Hunger
a - Flame Tongue          Conj/Fire      #####        1%          1    None
b - Throw Flame           Conj/Fire      ######       1%          2    None
c - Conjure Flame         Conj/Fire      ######..     1%          3    None
d - Sticky Flame          Conj/Fire      ######..     1%          4    ##.....
e - Fireball              Conj/Fire      ######....   1%          5    ####...
f - Mephitic Cloud        Conj/Pois/Air  ####....     1%          3    None
g - Blink                 Tloc           N/A          10%         2    None
h - Bolt of Magma         Conj/Fire/Erth #####.....   3%          5    ####...


Dungeon Overview and Level Annotations

Branches:
Dungeon (11/15)            Temple (1/1) D:4            Lair (0/6) D:8
    Orc (0/2) D:9

Altars:
Ashenzari
Elyvilon
Gozag
Hepliaklqana
Kikubaaqudgha
Makhleb
Nemelex Xobeh
Okawaru
Qazlal
Ru
Sif Muna
Trog
Uskayaw
Vehumet
Wu Jian
Xom
Yredelemnul
Zin
The Shining One

Shops:
D:4 (   D:5 (

Annotations:
D:4 yrara's ghost, novice DsFi
D:11 Psyche


Innate Abilities, Weirdness & Mutations

You cannot wear most types of armour.
You are very stealthy in the water. (Stealth+)
You are amphibious.
You can wear up to eight rings at the same time.
You can use your tentacles to constrict eight enemies at once.
Your skin changes colour to match your surroundings (Stealth+).
Your rubbery body absorbs attacks. (AC +1, EV +1)


Message History

d - 2 scrolls of teleportation (gained 1)
A hellion comes into view.
The hellion gives a hideous shriek!
All of the chunks of flesh in your inventory have rotted away.
Casting: Sticky Flame
Confirm with . or Enter, or press ? or * to list all spells.
Aiming: Conjure Flame
Press: ? - help, Dir - move target cursor The fire ignites!
Casting: Conjure Flame
Confirm with . or Enter, or press ? or * to list all spells.
Aiming: Flame Tongue
Press: ? - help, Shift-Dir - straight line, f - hellion
Aim: a hellion The flame tongue misses the hellion.
The hellion gestures at you.
The sphere of damnation explodes!
The damnation engulfs you! The hellion gestures at you.
The sphere of damnation explodes!
The damnation engulfs you!
You die...

#. ..#.. ....#
#.#.#. #..#.....
#
#..####..##.#.#.
#.. ## . #.# #
#.##.####.#
#....#...#
#.2##.#.
#..ยง.####
##.#.@.#
#####....#
.##..# #. ..# ..
. .#. .#. . #.


You could see a hellion.

Vanquished Creatures
  Erolcha (D:11)
  2 two-headed ogres (D:8)
  A centaur skeleton (D:8)
  A wyvern (D:8)
  A spriggan (D:7)
  Eustachio (D:5)
  2 hungry ghosts
  Menkaure (D:5)
  Duvessa (D:6)
  A porcupine (D:8)
  A water moccasin (D:8)
  6 orc warriors
  6 sky beasts
  5 black bears
  2 ice beasts
  4 centaurs
  6 phantoms
  8 ogres
  2 big kobolds
  12 bullfrogs
  Dowan (D:6)
  4 scorpions
  8 killer bees
  5 wights
  6 howler monkeys
  4 crimson imps
  A bullfrog zombie (D:10)
  A centaur zombie (D:8)
  4 jellies
  A gnoll shaman (D:4)
  5 hounds
  8 orc priests
  5 orc wizards
  A bullfrog skeleton (D:9)
  4 iguanas
  Natasha (thrice) (D:3)
  6 worker ants
  Terence (D:3)
  2 worker ant zombies
  Robin (D:4)
  9 gnolls
  15 adders
  A shadow imp (D:10)
  An ooze (D:2)
  2 adder skeletons
  3 worms (D:2)
  A dart slug (D:1)
  11 leopard geckos
  35 orcs
  A ball python (D:6)
  8 bats
  10 giant cockroaches
  23 goblins
  7 hobgoblins
  20 jackals
  3 quokkas
  5 frilled lizards
  19 kobolds
  A leopard gecko skeleton (D:4)
  A leopard gecko zombie (D:8)
  A quokka zombie (D:8)
  15 rats
327 creatures vanquished.

Vanquished Creatures (collateral kills)
  3 gnolls (D:11)
3 creatures vanquished.

Vanquished Creatures (others)
  A centaur (D:9)
  10 fungi (D:8)
  2 plants (D:8)
13 creatures vanquished.

Grand Total: 343 creatures vanquished

Notes
Turn   | Place    | Note
-------+----------+-------------------------------------------
     0 | D:1      | Naow the Octopode Fire Elementalist began the quest for the Orb.
     0 | D:1      | Reached XP level 1. HP: 11/11 MP: 3/3
   169 | D:1      | Reached XP level 2. HP: 12/17 MP: 0/5
   641 | D:1      | Reached XP level 3. HP: 21/21 MP: 2/6
  1276 | D:2      | Reached XP level 4. HP: 22/27 MP: 1/8
  2370 | D:3      | Reached XP level 5. HP: 31/31 MP: 3/9
  2429 | D:3      | Noticed Natasha
  2434 | D:3      | Killed Natasha
  2679 | D:3      | Noticed Natasha
  2683 | D:3      | Killed Natasha
  2749 | D:3      | Noticed an ogre
  3019 | D:2      | Learned a level 2 spell: Throw Flame
  3023 | D:2      | Learned a level 3 spell: Conjure Flame
  3024 | D:3      | Noticed Natasha
  3031 | D:3      | Killed Natasha
  3070 | D:3      | Reached XP level 6. HP: 36/36 MP: 8/11
  3107 | D:3      | Noticed Terence
  3117 | D:3      | Killed Terence
  3536 | D:3      | Reached skill level 1 in Shields
  3725 | D:3      | Reached skill level 5 in Fire Magic
  3872 | D:3      | Reached XP level 7. HP: 41/41 MP: 9/13
  4103 | D:4      | Noticed Robin
  4111 | D:5      | Entered Level 5 of the Dungeon
  4375 | D:5      | Learned a level 4 spell: Sticky Flame
  4506 | D:5      | Found Qatzischi's Antique Weapon Shop.
  4818 | D:5      | Noticed Menkaure
  4824 | D:5      | Killed Menkaure
  4824 | D:5      | Reached XP level 8. HP: 46/46 MP: 10/15
  4831 | D:5      | Learned a level 5 spell: Fireball
  5232 | D:5      | Reached skill level 5 in Spellcasting
  5565 | D:6      | Reached skill level 5 in Conjurations
  5715 | D:6      | Noticed Duvessa
  6213 | D:6      | Noticed Eustachio
  6218 | D:5      | HP: 2/46 [Eustachio/falchion of flaming (1)]
  6554 | D:5      | Reached XP level 9. HP: 43/51 MP: 11/17
  6871 | D:4      | Found Xekk's Weapon Emporium.
  6939 | D:4      | Found a staircase to the Ecumenical Temple.
  6951 | Temple   | Entered the Ecumenical Temple
  7007 | Temple   | Became a worshipper of Vehumet
  7086 | D:4      | Killed Robin
  7494 | D:4      | Noticed yrara's ghost (novice DsFi)
  7626 | D:6      | Found an ornate altar of the Wu Jian Council.
  7682 | D:6      | Found a shattered altar of Ashenzari.
  7835 | D:6      | Reached * piety under Vehumet
  7835 | D:6      | Offered knowledge of Freeze by Vehumet.
  7880 | D:6      | Noticed Dowan
  8102 | D:5      | Killed Eustachio
  8241 | D:6      | Killed Duvessa
  8244 | D:6      | Killed Dowan
  9362 | D:7      | Reached XP level 10. HP: 56/56 MP: 9/20
  9943 | D:7      | Noticed a moth of wrath
  9946 | D:7      | Found a bloodstained altar of Trog.
 10319 | D:8      | Noticed a two-headed ogre
 10321 | D:8      | Reached ** piety under Vehumet
 10321 | D:8      | Offered knowledge of Sandblast by Vehumet.
 10604 | D:8      | Killed a two-headed ogre
 11306 | D:8      | Found a staircase to the Lair.
 11307 | D:8      | Noticed a two-headed ogre
 11330 | D:8      | Killed a two-headed ogre
 11717 | D:8      | Reached XP level 11. HP: 61/61 MP: 14/23
 11717 | D:8      | Offered knowledge of Mephitic Cloud by Vehumet.
 11725 | D:8      | Learned a level 3 spell: Mephitic Cloud
 12445 | D:9      | Found a staircase to the Orcish Mines.
 12455 | D:9      | Reached *** piety under Vehumet
 13295 | D:9      | Offered knowledge of Fulminant Prism by Vehumet.
 13305 | D:9      | Reached skill level 10 in Fire Magic
 13628 | D:9      | Found a sparkling altar of Nemelex Xobeh.
 13763 | D:9      | Found a stormy altar of Qazlal.
 14032 | D:10     | Entered Level 10 of the Dungeon
 14197 | D:10     | Learned a level 2 spell: Blink
 14327 | D:10     | Reached **** piety under Vehumet
 14752 | D:10     | Offered knowledge of Bolt of Magma by Vehumet.
 15439 | D:11     | Noticed Erolcha
 15443 | D:11     | Killed Erolcha
 15571 | D:11     | Noticed Psyche
 15585 | D:11     | Cast into level 2 of the Abyss (Psyche)
 15597 | Abyss:2  | Learned a level 5 spell: Bolt of Magma
 15664 | Abyss:2  | Reached skill level 10 in Conjurations
 15678 | Abyss:2  | Killed from afar by a hellion

Vault maps used:
D:1:      ncdulo_lavacross, hangedman_decor_growths, roderic_serpentine_path
D:3:      first_bread, uniq_terence, uniq_natasha
D:4:      minmay_temple_entry_junction_2, gup_sewer_entry_bowl, serial_shops,
          shop_fountains, uniq_robin
D:5:      serial_shops, shop_statue, uniq_menkaure
D:6:      old_standard_altar, old_standard_altar, serial_bayou_crossing,
          uniq_duvessa, uniq_eustachio
D:7:      tgw_trog, the_bakery
D:8:      due_lair_maze_entry_diamond
D:9:      kennysheep_mini_moat, erik_orc_4, enter_bailey_3,
          nemelex_xobeh_ov_fountains_minmay
D:10:     basic_loot_grate_trap
D:11:     uniq_erolcha, uniq_psyche
Temple:   regret_index_temple_mists

Skill      XL: |  1  2  3  4  5  6  7  8  9 10 11 |
---------------+----------------------------------+-----
Conjurations   | 2 3 4 5 7 8 10 | 10.0
Spellcasting   | 3 4 5 7 8 9 |  9.5
Fire Magic     | 4 5 6 8 9 10 | 10.5
Shields        | 1 2 4 |  4.6
Dodging        | |  2.0
Stealth        | |  2.6

Action                   |  1- 3 |  4- 6 |  7- 9 | 10-12 || total
-------------------------+-------+-------+-------+-------++-------
Melee: Unarmed           |    16 |       |       |       ||    16
       Constrict         |    14 |     8 |    13 |     3 ||    38
       Tentacles         |    13 |     6 |    13 |     3 ||    35
       Dagger            |    24 |    16 |    47 |    25 ||   112
 Cast: Flame Tongue      |    44 |    90 |   153 |   330 ||   617
       Throw Flame       |       |     4 |    35 |    66 ||   105
       Conjure Flame     |       |     2 |     3 |    13 ||    18
       Sticky Flame      |       |       |     8 |    16 ||    24
       Fireball          |       |       |     7 |    18 ||    25
  Use: Potion            |       |       |     1 |       ||     1
       Scroll            |       |       |     8 |    10 ||    18
 Stab: Sleeping          |       |     1 |     2 |     1 ||     4
  Eat: Chunk             |     1 |     9 |    19 |    19 ||    48
       Meat ration       |       |       |       |     1 ||     1
Armor: Skin              |     8 |     2 |     4 |     2 ||    16
Dodge: Dodged            |    37 |    54 |    58 |    33 ||   182
Block: Buckler           |       |       |    11 |    21 ||    32
       Reflection        |       |       |       |     2 ||     2
